 Dungeon Crawl Stone Soup version 0.18-a0-1589-g520a787 (webtiles) character file.

23 xaos the Grave Robber (level 3, 0/24 HPs)
             Began as a Human Necromancer on Mar 20, 2016.
             Succumbed to an adder's poison
             ... on level 1 of the Dungeon on Mar 21, 2016.
             The game lasted 00:12:42 (1245 turns).

xaos the Grave Robber (Human Necromancer)           Turns: 1245, Time: 00:12:42

Health: 0/24       AC:  5    Str:  9    XL:     3   Next: 12%
Magic:  2/6        EV: 10    Int: 15    God:
Gold:   46         SH:  0    Dex: 13    Spells: 2 memorised, 4 levels left

rFire  . . .     SeeInvis .     i - +0 dagger
rCold  . . .     Gourm    .     e - +0 ring mail
rNeg   . . .     Faith    .     (no shield)
rPois  .         Spirit   .     (no helmet)
rElec  .         Dismiss  .     (no cloak)
rCorr  .         Reflect  .     (no gloves)
SustAt .         Harm     .     (no boots)
MR     .....                    (no amulet)
Stlth  +.........               (no ring)
                                (no ring)

@: lethally poisoned (0 -> -5), not resistant to hostile enchantments, very
unstealthy
A: no striking features
a: no special abilities


You were on level 1 of the Dungeon.
You were very hungry.

You visited 1 branch of the dungeon, and saw 2 of its levels.

You collected 46 gold pieces.

Inventory:

Hand Weapons
 i - a +0 dagger (weapon)
 l - a +0 club
 m - a +0 whip
Missiles
 d - 16 stones (quivered)
 k - 11 bolts
 p - 22 sling bullets
Armour
 a - a +0 robe
 e - a +0 ring mail (worn)
 n - a +0 ring mail
 q - a +0 robe
Scrolls
 j - 3 scrolls of identify {unknown}
 o - a scroll of magic mapping {unknown}
Books
 b - a book of Necromancy

   Spells                             Type                      Level
   a - Pain                           Necromancy                   1
   b - Animate Skeleton               Necromancy                   1
   c - Vampiric Draining              Necromancy                   3
   d - Regeneration                   Charms/Necromancy            3
   e - Animate Dead                   Necromancy                   4
   f - Control Undead                 Necromancy                   4
Comestibles
 c - a bread ration
 f - a slice of pizza
 g - a meat ration
 h - 8 fruits


   Skills:
 + Level 1.2 Throwing
 + Level 2.0 Dodging
 + Level 2.0 Stealth
 + Level 2.1 Spellcasting
 + Level 4.4 Necromancy


You had 4 spell levels left.
You knew the following spells:

 Your Spells              Type           Power        Failure   Level  Hunger
a - Pain                  Necr           ##..         12%         1    #......
b - Animate Skeleton      Necr           N/A          12%         1    #......


Dungeon Overview and Level Annotations

Branches:
Dungeon (2/15)

Altars:


Message History

The adder poisons you!
Throwing (i - inventory):
d - 19 stones (quivered)
Press: ? - help, Shift-Dir - straight line, f/p - adder
Aim: an adder (lightly wounded)
You throw a stone. The stone hits the adder.
The adder is moderately wounded.
* * * LOW HITPOINT WARNING * * *
You feel sick. The adder barely misses you.
Throwing (i - inventory):
d - 18 stones (quivered)
Press: ? - help, Shift-Dir - straight line, f/p - adder
Aim: an adder (moderately wounded)
You throw a stone. The stone closely misses the adder.
The adder bites you.
* * * LOW HITPOINT WARNING * * *
The adder bites you.
* * * LOW HITPOINT WARNING * * *
Throwing (i - inventory):
d - 17 stones (quivered)
Press: ? - help, Shift-Dir - straight line, f/p - adder
Aim: an adder (moderately wounded)
You throw a stone. The stone misses the adder.
You die...

#..##.<# #.#.# #.#....## '...#..#
#####.#.# #.#...... ##..#..#
#.....#.# #......## ##..'..#
#.....#.# ######## ##..##'#
#.....#†# ###..#.# #.....#.# ####
..#..### ##.....#.# #... ..'...#
#......#.#########...
####..#######...@S(#.#...........
#..##................#######...
###.###.#...#.########.# #...
......#.#...'.# #.# #...
.####.#.#...##########># #... .##
#.#.#...# #........# #>.. ..#
#.#.###.# #.#####..# ####
#.###.#.#...# #.#......#
#.....#.#.### #.#.###.##


You could see an adder.

Vanquished Creatures
  An adder (D:2)
  A giant cockroach (D:1)
  4 goblins (D:1)
  A hobgoblin (D:1)
  3 bats (D:1)
  A giant newt (D:1)
  A kobold (D:1)
  3 rats (D:1)
15 creatures vanquished.

Notes
Turn   | Place    | Note
--------------------------------------------------------------
     0 | D:1      | xaos the Human Necromancer began the quest for the Orb.
     0 | D:1      | Reached XP level 1. HP: 13/13 MP: 3/3
   362 | D:1      | Reached XP level 2. HP: 2/19 MP: 1/5
   738 | D:1      | Learned a level 1 spell: Animate Skeleton
  1234 | D:2      | Reached skill level 1 in Throwing
  1234 | D:2      | Reached XP level 3. HP: 6/24 MP: 1/6
  1244 | D:1      | HP: 1/24 [adder (1)]
  1245 | D:1      | Succumbed to an adder's poison

Vault maps used:
D:1:      dpeg_arrival_short_road, serial_glass, glass_columns_b,
          glass_columns_b
D:2:      overflow_temple_1_default, overflow_temple_1_default, first_bread,
          grunt_ministairs_13

Skill      XL: |  1  2 |
---------------+-------+-----
Throwing       | 1 |  1.2
Dodging        | |  2.0
Stealth        | |  2.0
Spellcasting   | |  2.1
Necromancy     | |  4.4

Action                   || total
-------------------------++-------
Melee: Dagger            ||    25
       Unarmed           ||     1
Throw: Stone             ||    38
 Cast: Pain              ||    15
